 Dungeon Crawl Stone Soup version 0.29-a0-451-gfbfa42419e (webtiles) character file.

Game seed: 16300511048588017224

6438 frimble the Magician (level 10, -3/79 HPs)
             Began as a Gnoll Warper on May 20, 2022.
             Was a Believer of Cheibriados.
             Slain by a wight
             ... wielding a +0 scimitar
              (8 damage)
             ... on level 10 of the Dungeon.
             The game lasted 00:14:56 (12440 turns).

frimble the Magician (Gnoll Warper)                Turns: 12440, Time: 00:14:57

Health: -3/79      AC:  8    Str: 19    XL:     10   Next: 99%
Magic:  21/21      EV: 16    Int: 24    God:    Cheibriados [**....]
Gold:   448        SH:  0    Dex: 17    Spells: 12/24 levels left

rFire   . . .      SeeInvis .   a - +4 dire flail (freeze)
rCold   . . .      Faith    .   (shield currently unavailable)
rNeg    . . .      Spirit   .   l - +0 leather armour
rPois   +          Reflect  .   n - +1 helmet
rElec   +          Harm     .   A - +0 cloak
rCorr   .          Rampage  .   x - +0 pair of gloves
Will    +....                   (no boots)
Stlth   +++.......              h - amulet of magic regeneration
HPRegen 0.23/turn               m - ring of poison resistance
MPRegen 0.57/turn               t - ring "Goulamp" {Fly rElec Will+ Str+3}

@: on berserk cooldown, flying, slowed, very slow
A: fangs 1, strong nose, distributed training
a: Renounce Religion, Bend Time


You were on level 10 of the Dungeon.
You worshipped Cheibriados.
Cheibriados was pleased with you.
You visited 2 branches of the dungeon, and saw 11 of its levels.
You also visited: Sewer.

You collected 448 gold pieces.

Inventory:

Hand Weapons
 a - a +4 dire flail of freezing (weapon)
 b - a +1 hunting sling of electrocution
Missiles
 c - 7 boomerangs of dispersal
 e - 4 poisoned darts
 o - 3 boomerangs (quivered)
Armour
 i - a scarf of resistance
 l - a +0 leather armour (worn)
 n - a +1 helmet (worn)
 x - a +0 pair of gloves (worn)
 A - a +0 cloak (worn)
Jewellery
 h - an amulet of magic regeneration (around neck)
 m - a ring of poison resistance (left hand)
 t - the ring "Goulamp" (right hand) {Fly rElec Will+ Str+3}
   (You acquired it on level 5 of the Dungeon)

   [ring of willpower]

   Str:       It affects your strength (+3).
   rElec:     It insulates you from electricity.
   Fly:       It grants you flight.
   Will:      It increases your willpower.
 D - a ring of magical power
 I - a +4 ring of protection
Wands
 C - a wand of polymorph (13)
 J - a wand of digging (3)
Scrolls
 f - 3 scrolls of teleportation
 k - 4 scrolls of blinking
 r - 3 scrolls of fear
 y - a scroll of vulnerability
 B - a scroll of fog
 E - 2 scrolls of identify
 F - a scroll of enchant armour
 G - a scroll of magic mapping
 L - 2 scrolls of silence
Potions
 d - 2 potions of magic
 g - 2 potions of resistance
 j - 5 potions of mutation
 p - a potion of ambrosia
 q - 2 potions of haste
 s - a potion of cancellation
 u - 2 potions of curing
 v - 2 potions of berserk rage
 z - 2 potions of degeneration {unknown}
 H - a potion of attraction {unknown}
 K - a potion of lignification {unknown}


   Skills:
 + Level 7.4 Fighting
 + Level 5.8 Short Blades
 + Level 5.8 Long Blades
 + Level 5.8 Axes
 + Level 5.8 Maces & Flails
 + Level 5.8 Polearms
 + Level 5.8 Staves
 + Level 5.8 Slings
 + Level 5.8 Bows
 + Level 5.8 Crossbows
 + Level 6.4 Throwing
 + Level 6.4 Armour
 + Level 7.4 Dodging
 + Level 5.8 Stealth
 + Level 5.8 Shields
 + Level 7.4 Unarmed Combat
 + Level 7.7 Spellcasting
 + Level 4.8 Conjurations
 + Level 4.8 Hexes
 + Level 4.8 Summonings
 + Level 4.8 Necromancy
 + Level 7.3 Translocations
 + Level 4.8 Transmutations
 + Level 4.8 Fire Magic
 + Level 4.8 Ice Magic
 + Level 4.8 Air Magic
 + Level 4.8 Earth Magic
 + Level 4.8 Poison Magic
 + Level 6.3 Invocations
 + Level 5.8 Evocations


You had 12 spell levels left.
You knew the following spells:

 Your Spells              Type           Power      Damage    Failure   Level
a - Blink                 Tloc           88%        N/A       1%          2
b - Ignite Poison         Fire/Tmut/Pois 32%        N/A       3%          3
c - Poisonous Vapours     Pois/Air       64%        N/A       1%          2
d - Freezing Cloud        Conj/Ice/Air   16%        6-21      30%         5

Your spell library contained the following spells:

 Spells                   Type           Power      Damage    Failure   Level
 Ensorcelled Hibernation  Hex/Ice        64%        N/A       1%          2
 Passwall                 Tmut/Erth      26%        N/A       1%          2
 Gell's Gravitas          Tloc           44%        N/A       1%          3
 Lesser Beckoning         Tloc           44%        N/A       1%          3
 Teleport Other           Tloc           44%        N/A       1%          3
 Mephitic Cloud           Conj/Pois/Air  32%        N/A       3%          3
 Swiftness                Air            32%        N/A       3%          3
 Corpse Rot               Necr/Pois/Air  32%        N/A       11%         4
 Manifold Assault         Tloc           44%        N/A       11%         5


Dungeon Overview and Level Annotations

Branches:
Dungeon (10/15)            Temple (1/1) D:6            Lair (0/6) D:8
  Sewer (visited)
    Orc: D:9-12

Altars:
Ashenzari
Cheibriados
Fedhas
Gozag
Hepliaklqana
Kikubaaqudgha
Nemelex Xobeh
Okawaru
Ru
Sif Muna
Trog
Xom

Annotations:
D:3 Grinder
D:7 2 transporters, sammy202020's ghost, novice MiFi
D:8 2 transporters, om's ghost, novice TrBe


Innate Abilities, Weirdness & Mutations

You have very sharp teeth.
Your uncanny sense of smell can sniff out nearby items.
Your experience applies equally to all skills.


Message History

The vampire mosquito barely misses you.
You miss the vampire mosquito.
The vampire mosquito is lightly damaged.
The vampire mosquito misses you.
The vampire mosquito bites you but does no damage.
You hit the vampire mosquito. You freeze the vampire mosquito.
The vampire mosquito is lightly damaged.
The vampire mosquito barely misses you.
The vampire mosquito completely misses you.
You puncture the vampire mosquito! You freeze the vampire mosquito.
The vampire mosquito is severely damaged.
The vampire mosquito bites you but does no damage.
The vampire mosquito bites you.
* * * LOW HITPOINT WARNING * * *
The vampire mosquito draws strength from your injuries!
You miss the vampire mosquito.
The vampire mosquito is severely damaged.
The vampire mosquito closely misses you.
The vampire mosquito bites you!
* * * LOW HITPOINT WARNING * * *
The vampire mosquito draws strength from your injuries!
You miss the vampire mosquito.
The vampire mosquito is moderately damaged.
The vampire mosquito bites you but does no damage.
The vampire mosquito closely misses you.
You bludgeon the vampire mosquito!! You freeze the vampire mosquito.
You destroy the vampire mosquito!
Cheibriados thoroughly appreciates the change of pace.
Cheibriados raises the support of your attributes as your movement slows.
A wight comes into view. It is wielding a +0 scimitar.
The wight hits you with a +0 scimitar.
* * * LOW HITPOINT WARNING * * *
The wight barely misses you.
Items here: ) [ ††.
You feel a strong urge to attack something.
You are no longer berserk.
You are exhausted.
You feel yourself slow down. The wight closely misses you.
The wight hits you with a +0 scimitar!
You die...

##.## ....##
.....#.
.......
..... ...$
...#####.#.#
8..)..z@.#.#
...####)##.#
∆ ∆ #.##.###
#......#
####.#.#
#.#.# #.#.#
########.#.#
.........#.#


You could see a wight.

Vanquished Creatures
  Pikel (D:6)
  A centaur zombie (D:10)
  A wraith (D:9)
  3 yaks (D:9)
  Eustachio (D:6)
  4 vampire mosquitoes (D:10)
  7 water moccasins
  Pargi (Sewer)
  A sky beast (D:7)
  2 ice beasts
  2 orc warriors
  An ogre (D:4)
  4 centaurs
  4 bullfrogs
  3 necrophages
  7 scorpions
  13 wights
  3 electric eels (D:7)
  A howler monkey (D:8)
  6 hounds
  A gnoll shaman (D:7)
  3 orc priests
  Crazy Yiuf (D:5)
  3 jellies (D:6)
  An iguana (D:4)
  9 orc wizards
  A mummy (D:10)
  10 gnolls
  11 adders
  A white imp (D:6)
  An ufetubus (D:5)
  A worm (D:2)
  2 dart slugs
  38 orcs
  4 bats (D:1)
  12 endoplasms
  4 giant cockroaches
  A goblin (D:2)
  6 hobgoblins
  5 kobolds
  4 quokkas
  14 ball pythons
  8 frilled lizards
  7 rats
214 creatures vanquished.

Vanquished Creatures (others)
  An orc wizard (D:6)
  11 plants
  2 withered plants (D:10)
14 creatures vanquished.

Grand Total: 228 creatures vanquished

Notes
Turn   | Place    | Note
-------+----------+-------------------------------------------
     0 | D:1      | frimble the Gnoll Warper began the quest for the Orb.
     0 | D:1      | Reached XP level 1. HP: 20/20 MP: 6/6
   182 | D:1      | Reached XP level 2. HP: 25/26 MP: 7/7
   192 | D:1      | Found a faded altar of an unknown god.
   713 | D:1      | Reached XP level 3. HP: 28/31 MP: 9/9
   814 | D:1      | Reached skill level 5 in Spellcasting
  1229 | D:2      | Reached skill level 1 in Invocations
  1291 | D:2      | Reached skill level 1 in Short Blades
  1291 | D:2      | Reached skill level 1 in Long Blades
  1291 | D:2      | Reached skill level 1 in Axes
  1291 | D:2      | Reached skill level 1 in Maces & Flails
  1291 | D:2      | Reached skill level 1 in Polearms
  1291 | D:2      | Reached skill level 1 in Staves
  1291 | D:2      | Reached skill level 1 in Slings
  1291 | D:2      | Reached skill level 1 in Bows
  1291 | D:2      | Reached skill level 1 in Crossbows
  1291 | D:2      | Reached skill level 1 in Stealth
  1291 | D:2      | Reached skill level 1 in Shields
  1291 | D:2      | Reached skill level 1 in Evocations
  1679 | D:2      | Learned a level 2 spell: Blink
  1702 | D:2      | Reached XP level 4. HP: 22/38 MP: 9/11
  1944 | D:2      | Reached skill level 1 in Conjurations
  1944 | D:2      | Reached skill level 1 in Hexes
  1944 | D:2      | Reached skill level 1 in Summonings
  1944 | D:2      | Reached skill level 1 in Necromancy
  1944 | D:2      | Reached skill level 1 in Transmutations
  1944 | D:2      | Reached skill level 1 in Fire Magic
  1944 | D:2      | Reached skill level 1 in Ice Magic
  1944 | D:2      | Reached skill level 1 in Air Magic
  1944 | D:2      | Reached skill level 1 in Earth Magic
  1944 | D:2      | Reached skill level 1 in Poison Magic
  2536 | D:3      | Noticed Grinder
  2592 | D:4      | Reached XP level 5. HP: 21/43 MP: 12/12
  2708 | D:4      | Found a glowing drain.
  2717 | Sewer    | Entered a sewer
  3114 | Sewer    | Noticed Pargi
  3147 | Sewer    | Killed Pargi
  3148 | Sewer    | Reached XP level 6. HP: 7/50 MP: 11/13
  3631 | D:4      | Reached skill level 5 in Fighting
  3631 | D:4      | Reached skill level 5 in Dodging
  3631 | D:4      | Reached skill level 5 in Unarmed Combat
  3816 | D:4      | Reached XP level 7. HP: 54/56 MP: 15/15
  4275 | D:5      | Entered Level 5 of the Dungeon
  4421 | D:5      | Reached XP level 8. HP: 57/63 MP: 16/16
  4528 | D:5      | Identified a scroll of acquirement
  4528 | D:5      | Acquired the ring "Goulamp" {Fly rElec Will+ Str+3}
  4599 | D:5      | Found a runed translucent door.
  4600 | D:5      | Noticed Crazy Yiuf
  5777 | D:5      | Killed Crazy Yiuf
  6189 | D:6      | Reached XP level 9. HP: 38/69 MP: 18/18
  6210 | D:6      | Learned a level 3 spell: Ignite Poison
  6213 | D:6      | Learned a level 2 spell: Poisonous Vapours
  6938 | D:6      | Noticed Pikel
  6947 | D:6      | Killed Pikel
  6948 | D:6      | Reached skill level 5 in Throwing
  6948 | D:6      | Reached skill level 5 in Armour
  6964 | D:6      | Reached skill level 5 in Invocations
  7175 | D:6      | Noticed Eustachio
  7317 | D:6      | Killed Eustachio
  7397 | D:6      | Found a staircase to the Ecumenical Temple.
  7650 | Temple   | Entered the Ecumenical Temple
  7682 | Temple   | Became a worshipper of Cheibriados the Contemplative
  8007 | D:7      | Found a transporter.
  8094 | D:7      | Noticed sammy202020's ghost (novice MiFi)
  8097 | D:7      | Found a transporter.
  8187 | D:7      | Reached XP level 10. HP: 63/77 MP: 20/20
  8517 | D:7      | Reached * piety under Cheibriados
  9136 | D:8      | Reached skill level 5 in Short Blades
  9136 | D:8      | Reached skill level 5 in Long Blades
  9136 | D:8      | Reached skill level 5 in Axes
  9136 | D:8      | Reached skill level 5 in Maces & Flails
  9136 | D:8      | Reached skill level 5 in Polearms
  9136 | D:8      | Reached skill level 5 in Staves
  9136 | D:8      | Reached skill level 5 in Slings
  9136 | D:8      | Reached skill level 5 in Bows
  9136 | D:8      | Reached skill level 5 in Crossbows
  9136 | D:8      | Reached skill level 5 in Stealth
  9136 | D:8      | Reached skill level 5 in Shields
  9136 | D:8      | Reached skill level 5 in Evocations
  9382 | D:8      | Found a staircase to the Lair.
  9570 | D:8      | Found a transporter.
  9574 | D:8      | Noticed om's ghost (novice TrBe)
  9589 | D:8      | Noticed a moth of wrath
  9617 | D:8      | Found a transporter.
 10071 | D:9      | Learned a level 5 spell: Freezing Cloud
 10150 | D:9      | Reached ** piety under Cheibriados
 10402 | D:9      | Found a blossoming altar of Fedhas.
 12306 | D:10     | Entered Level 10 of the Dungeon
 12440 | D:10     | Slain by a wight

Illustrated notes

Levels and vault maps discovered:
D:1:      beargit_arrival_greenhouse, layout_loops_ring,
          shapermc_ecumenical_altar_mp_highgroup
D:2:      wad_woods_pond, layout_basic, grunt_ministairs_9,
          kennysheep_another_room, minmay_liquid_box, minmay_pentomino_r4
D:3:      layout_rooms, uniq_grinder, uniq_terence
D:4:      layout_loops_ring, portal_sewer_entry_d
D:5:      wad_pebble_path, layout_loops_corners, st_stairs_11,
          uniq_crazy_yiuf_cottage
D:6:      kennysheep_spiral_hall, layout_loops_ring, minmay_temple_entry_fiery,
          serial_rivers, chequers_serial_rivers_marsh,
          chequers_serial_rivers_marsh, chequers_serial_rivers_room_a,
          chequers_serial_rivers_small_3, chequers_serial_rivers_micro_b,
          chequers_serial_rivers_micro_b, uniq_eustachio, uniq_pikel
D:7:      layout_gridville, gammafunk_ghost_arena, serial_bayou_lagoon_b
D:8:      layout_loops_ring, lair_entry_dummy, gammafunk_ghost_berserking_beasts
D:9:      layout_basic, old_standard_altar
D:10:     layout_loops_ring, orc_0_dummy, serial_undead, serial_undead_e,
          serial_undead_d, serial_undead_e, serial_undead_f, uniq_erica
Temple:   nicolae_temple_the_god_donut

Skill      XL: |  1  2  3  4  5  6  7  8  9 10 |
---------------+-------------------------------+-----
Spellcasting   | 5 6 7 |  7.7
Invocations    | 1 2 3 4 5 6 |  6.3
Short Blades   | 1 2 3 4 5 |  5.8
Long Blades    | 1 2 3 4 5 |  5.8
Axes           | 1 2 3 4 5 |  5.8
Maces & Flails | 1 2 3 4 5 |  5.8
Polearms       | 1 2 3 4 5 |  5.8
Staves         | 1 2 3 4 5 |  5.8
Slings         | 1 2 3 4 5 |  5.8
Bows           | 1 2 3 4 5 |  5.8
Crossbows      | 1 2 3 4 5 |  5.8
Stealth        | 1 2 3 4 5 |  5.8
Shields        | 1 2 3 4 5 |  5.8
Evocations     | 1 2 3 4 5 |  5.8
Conjurations   | 1 2 3 4 |  4.8
Hexes          | 1 2 3 4 |  4.8
Summonings     | 1 2 3 4 |  4.8
Necromancy     | 1 2 3 4 |  4.8
Transmutations | 1 2 3 4 |  4.8
Fire Magic     | 1 2 3 4 |  4.8
Ice Magic      | 1 2 3 4 |  4.8
Air Magic      | 1 2 3 4 |  4.8
Earth Magic    | 1 2 3 4 |  4.8
Poison Magic   | 1 2 3 4 |  4.8
Throwing       | 3 4 5 6 |  6.4
Armour         | 3 4 5 6 |  6.4
Fighting       | 5 6 7 |  7.4
Dodging        | 5 6 7 |  7.4
Unarmed Combat | 5 6 7 |  7.4
Translocations | 6 7 |  7.3

Action                   |  1- 3 |  4- 6 |  7- 9 | 10-12 || total
-------------------------+-------+-------+-------+-------++-------
Melee: Unarmed           |    66 |       |       |       ||    66
       Bite              |    12 |    30 |    35 |    17 ||    94
       Punch             |     1 |     5 |    18 |     1 ||    25
       Whip              |    51 |    77 |       |       ||   128
       Flail             |       |   115 |   374 |    71 ||   560
       Dire flail        |       |       |       |   105 ||   105
 Fire: Hunting sling     |    28 |    25 |       |   105 ||   158
Throw: Dart              |       |    10 |       |       ||    10
       Boomerang         |       |       |    56 |    41 ||    97
 Cast: Blink             |     1 |     4 |     4 |     2 ||    11
       Poisonous Vapours |       |       |     5 |     2 ||     7
       Ignite Poison     |       |       |     2 |       ||     2
Evoke: Wand              |       |       |     8 |     3 ||    11
  Use: Scroll            |     3 |     9 |     3 |     4 ||    19
       Potion            |       |     7 |       |     1 ||     8
 Stab: Sleeping          |     2 |     1 |     2 |     3 ||     8
Armor: Leather armour    |    35 |    71 |   244 |    71 ||   421
Dodge: Dodged            |    80 |   202 |   406 |   201 ||   889

Table legend: (Time is in decaauts)
 A = Elapsed time spent in this place.
 B = Non-inter-level travel time spent in this place.
 C = Inter-level travel time spent in this place.
 D = Time resting spent in this place.
 E = Time spent auto-exploring this place.
 F = Levels seen in this place.
 G = Mean time per level.
                   A        B        C        D        E       F      G
               +--------+--------+--------+--------+--------+-----+--------+
         Total |  13669 |  13154 |    515 |    186 |  10485 |  12 | 1139.1 |
       Dungeon |  12748 |  12253 |    495 |     15 |   9993 |  10 | 1274.8 |
        Temple |     38 |     18 |     20 |      0 |     10 |   1 |   38.0 |
         Sewer |    882 |    882 |      0 |    171 |    482 |   1 |  882.0 |
               +--------+--------+--------+--------+--------+-----+--------+

Top non-repeatable levels by time:
     D:9: 2754 daAuts
     D:6: 1972 daAuts
     D:5: 1758 daAuts
     D:2: 1362 daAuts
     D:8: 1269 daAuts
     D:7: 1212 daAuts
     D:1: 1128 daAuts
     D:4: 1067 daAuts
   Sewer: 882 daAuts
    D:10: 149 daAuts
     D:3: 73 daAuts
  Temple: 38 daAuts
